Map: 莱瑞拉克之冠

Players

shengy - Winner!

  • Race: Zerg Zerg
  • League: Platinum

Milkyman

  • Race: Zerg Zerg
  • League: Platinum

VOD

Have the link to the VOD?

Description

Time

  • Played on: Dec. 22, 2015, 7:09 p.m.
  • Length: 3:10
Show
View Real Time Build Order
Export as new Build Order

shengy Zerg - Winner!

Build Orders: Hatch First 

Get SALT Encoding   

  12  0:00  Drone  
  13  0:09  Drone  
  14  0:17  Overlord  
  14  0:36  Drone x3  
  17  0:56  Drone  
  18  0:58  Hatchery  
  17  1:10  Spawning Pool  
  16  1:15  Drone  
  17  1:21  Drone  
  17  1:22  Drone  
  19  1:37  Drone  
  20  1:41  Extractor, Drone  
  20  1:51  Overlord  
  20  1:58  Queen  
  22  2:10  Queen  
  22  2:14  Drone x2  
  26  2:26  Drone x2  
  26  2:27  Roach Warren  
  27  2:31  Drone, Extractor  
  27  2:32  Drone  
  30  2:44  Overlord  
  30  2:50  Zergling x2  
  30  2:51  Zergling x2  
Show
View Real Time Build Order
Export as new Build Order

Milkyman Zerg 

Build Orders: Hatch First 

Get SALT Encoding   

  12  0:01  Drone  
  13  0:12  Overlord  
  13  0:17  Drone  
  14  0:31  Drone x2  
  16  0:36  Drone  
  17  0:53  Hatchery  
  17  0:56  Drone  
  17  1:10  Spawning Pool  
  16  1:13  Drone  
  16  1:17  Extractor  
  16  1:18  Drone  
  16  1:24  Drone  
  18  1:41  Drone  
  18  1:45  Drone  
  20  1:58  Queen  
  20  1:59  Overlord  
  22  2:05  Zergling x4  
  22  2:06  Queen  
  26  2:11  Overlord  
  26  2:20  Drone  
  27  2:25  Spine Crawler  
  27  2:27  Drone  
  27  2:28  Drone  
  31  2:44  Drone  
  31  2:48  Drone  
  31  2:49  Drone  
  31  2:50  Drone  
Tags
 
Add a new tag
Caveats
  • Supply blocks, unpowered buildings, or Contaminate may cause inaccurate times.
  • Supply counts are checked every 10 seconds.